 Dungeon Crawl Stone Soup version 0.20-a0-672-gd6c3c51 (webtiles) character file.

1468 dweller the Cudgeler (level 8, -5/78 HPs)
             Began as a Troll Berserker on Feb 17, 2017.
             Was a Priest of Trog.
             Slain by an ogre
             ... wielding a +0 giant club
              (15 damage)
             ... on level 7 of the Dungeon.
             The game lasted 00:37:44 (4758 turns).

dweller the Cudgeler (Troll Berserker)              Turns: 4758, Time: 00:37:44

Health: -5/78      AC: 10    Str: 27    XL:     8   Next: 48%
Magic:  7/7        EV: 11    Int:  3    God:    Trog [***...]
Gold:   324        SH:  4    Dex: 10    Spells: 7/7 levels left

rFire    + . .     SeeInvis .   y - +0 battleaxe
rCold    x . .     Gourm    +   b - +0 animal skin
rNeg     . . .     Faith    .   (shield currently unavailable)
rPois    .         Spirit   .   (helmet restricted)
rElec    .         Reflect  .   (no cloak)
rCorr    .         Harm     .   (gloves unavailable)
MR       .....     Clarity  +   (boots unavailable)
Stlth    +.........             (no amulet)
Regen    0.7/turn               n - ring of fire
MPRegen  0.1/turn               g - +5 ring of protection

@: exhausted, slowed, very slow
A: unfitting armour, claws 3, large bone plates 1, clarity, fast metabolism 3,
gourmand, regeneration 1, shaggy fur 1, tough skin 2, evolution 1
a: Berserk, Trog's Hand, Burn Spellbooks, Renounce Religion


You were on level 7 of the Dungeon.
You worshipped Trog.
Trog was most pleased with you.
You were very full.

You visited 2 branches of the dungeon, and saw 8 of its levels.

You collected 324 gold pieces.

Inventory:

Hand Weapons
 e - a +3 mace of holy wrath
 i - a +2 hand axe of chopping
 j - a cursed -3 mace
 s - a +1 short sword of draining
 w - a +3 short sword
 y - a +0 battleaxe (weapon)
Missiles
 q - 6 needles of paralysis (quivered)
Armour
 b - a +0 animal skin (worn)
 u - a +1 helmet
Jewellery
 g - a +5 ring of protection (left claw)
 n - a ring of fire (right claw)
 o - an uncursed ring of ice
Scrolls
 d - a scroll of recharging
 p - a scroll of noise
 t - a scroll of immolation
 x - 2 scrolls of teleportation
 E - a scroll of remove curse
Potions
 f - a potion of mutation
 h - 3 potions of lignification
 m - a potion of magic
 r - a potion of degeneration
Books
 k - a book of Callings

   Spells                             Type                      Level
   a - Summon Small Mammal            Summoning                    1
   b - Call Imp                       Summoning                    2
   c - Call Canine Familiar           Summoning                    3
   d - Summon Guardian Golem          Hexes/Summoning              3
   e - Summon Lightning Spire         Summoning/Air                4
   f - Summon Ice Beast               Ice/Summoning                4
   Trog disapproves of the use of such an item.
 l - a book of Clouds

   Spells                             Type                      Level
   a - Poisonous Vapours              Poison/Air                   2
   b - Mephitic Cloud                 Conjuration/Poison/Air       3
   c - Conjure Flame                  Conjuration/Fire             3
   d - Freezing Cloud                 Conjuration/Ice/Air          6
   e - Ring of Flames                 Charms/Fire                  7
   Trog disapproves of the use of such an item.
 F - a book of Changes

   Spells                             Type                      Level
   a - Beastly Appendage              Transmutation                1
   b - Sticks to Snakes               Transmutation                2
   c - Spider Form                    Transmutation/Poison         3
   d - Ice Form                       Ice/Transmutation            4
   e - Blade Hands                    Transmutation                5
   Trog disapproves of the use of such an item.
Comestibles
 a - 6 chunks of flesh
 c - 5 bread rations
 B - 5 fruits
 C - 2 royal jellies


   Skills:
 + Level 4.2 Fighting
 + Level 3.3(5.3) Axes
 + Level 6.9(7.4) Maces & Flails
 + Level 4.6 Dodging
 + Level 1.0 Stealth


You had 7 spell levels left.
You didn't know any spells.

Dungeon Overview and Level Annotations

Branches:
Dungeon (7/15)             Temple (1/1) D:5

Altars:
Ashenzari
Cheibriados
Dithmenos
Elyvilon
Fedhas
Hepliaklqana
Kikubaaqudgha
Makhleb
Nemelex Xobeh
Okawaru
Qazlal
Ru
Sif Muna
Vehumet
Xom
Yredelemnul
The Shining One

Shops:
D:5 *


Innate Abilities, Weirdness & Mutations

You are too large for most types of armour.
You have claws for hands.
Your metabolism is lightning-fast.
You like to eat raw meat.
Your natural rate of healing is unusually fast.
You are covered in fur. (AC +1)
You have very tough skin. (AC +2)
You are partially covered in large bone plates. (SH +4)
You possess an exceptional clarity of mind.
You evolve.


Message History

You are too injured to fight recklessly!
You feel a strong urge to attack something.
You feel your anger subside.
You are no longer berserk.
You are exhausted.
You feel yourself slow down. The ogre hits you with a giant club!!
* * * LOW HITPOINT WARNING * * *
You open the door. The ogre barely misses you.
The ogre hits you with a giant club!
* * * LOW HITPOINT WARNING * * *
There is an open door, spattered with blood here.
The ogre hits you with a giant club.
* * * LOW HITPOINT WARNING * * *
There is a stone staircase leading down here.
You block the ogre's attack.
You climb downwards.
There is a stone staircase leading up here.
The ogre completely misses you. The ogre hits you with a giant club!
You die...

.# .# .#
.## .. .#
####O###.#
#..@.....#
#.##.#####
# .# ..
###


You could see an ogre.

Vanquished Creatures
  Grinder (D:5)
  Sigmund (D:3)
  Duvessa (D:5)
  2 phantoms
  A centaur (D:6)
  Blork the orc (D:5)
  Dowan (D:5)
  A scorpion (D:4)
  A howler monkey (D:4)
  A crimson imp (D:6)
  A hound (D:5)
  A centaur skeleton (D:5)
  An orc wizard (D:3)
  An iguana (D:4)
  Ijyb (D:3)
  4 worker ants
  2 hound zombies
  A gnoll (D:1)
  12 adders
  2 shadow imps (D:5)
  2 adder skeletons
  2 worms
  3 dart slugs (D:2)
  4 leopard geckos
  17 orcs
  2 ball pythons (D:4)
  9 bats
  3 giant cockroaches (D:2)
  8 goblins
  5 hobgoblins
  10 jackals
  3 quokkas
  3 frilled lizards
  2 jackal skeletons
  11 kobolds
  A leopard gecko zombie (D:4)
  4 rats
126 creatures vanquished.

Notes
Turn   | Place    | Note
-------+----------+-------------------------------------------
     0 | D:1      | dweller the Troll Berserker began the quest for the Orb.
     0 | D:1      | Reached XP level 1. HP: 22/22 MP: 0/0
   117 | D:1      | Reached XP level 2. HP: 22/29 MP: 1/1
   362 | D:1      | Reached skill level 3 in Maces & Flails
   546 | D:1      | Reached XP level 3. HP: 36/36 MP: 2/2
   744 | D:2      | Reached ** piety under Trog
   777 | D:2      | Found a faded altar of an unknown god.
   998 | D:2      | Gained mutation: You possess an exceptional clarity of mind. [potion of mutation]
   998 | D:2      | Gained mutation: You evolve. [potion of mutation]
  1225 | D:3      | Reached XP level 4. HP: 41/44 MP: 3/3
  1324 | D:3      | Reached skill level 4 in Maces & Flails
  1453 | D:3      | Noticed Ijyb
  1467 | D:3      | Killed Ijyb
  1467 | D:3      | Reached XP level 5. HP: 50/53 MP: 4/4
  1538 | D:3      | Noticed Sigmund
  1558 | D:3      | Killed Sigmund
  1558 | D:3      | Reached skill level 5 in Maces & Flails
  1558 | D:3      | Reached XP level 6. HP: 59/61 MP: 5/5
  1844 | D:3      | Found a sacrificial altar of Ru.
  2073 | D:3      | Reached *** piety under Trog
  2282 | D:4      | Reached XP level 7. HP: 52/67 MP: 6/6
  2473 | D:4      | Reached skill level 6 in Maces & Flails
  3268 | D:5      | Entered Level 5 of the Dungeon
  3282 | D:5      | Noticed Blork the orc
  3290 | D:5      | Killed Blork the orc
  3362 | D:5      | Found Pwniumi's Practical Paraphernalia.
  3464 | D:5      | Noticed Grinder
  3479 | D:5      | Paralysed by Grinder for 5 turns
  3496 | D:5      | Killed Grinder
  3496 | D:5      | Reached skill level 1 in Axes
  3496 | D:5      | Reached XP level 8. HP: 41/78 MP: 7/7
  3641 | D:5      | Gained mutation: You are partially covered in large bone plates. (SH +4) [evolution]
  3926 | D:5      | Found a staircase to the Ecumenical Temple.
  3935 | Temple   | Entered the Ecumenical Temple
  4463 | D:5      | Noticed Duvessa
  4463 | D:5      | Noticed Dowan
  4475 | D:5      | Killed Duvessa
  4481 | D:5      | Killed Dowan
  4726 | D:6      | Reached skill level 1 in Stealth
  4758 | D:7      | Slain by an ogre

Vault maps used:
D:1:      dpeg_arrival_refuge, serial_curves, eino_curves_01, eino_curves_02,
          nemelex_diamond_rough_becter
D:2:      chequers_ecumenical_altar_simple_redux
D:3:      first_bread, nicolae_ru_the_path_less_chosen, uniq_sigmund, uniq_iyjb
D:4:      minmay_opposing_rooms
D:5:      minmay_temple_entry_statues_pillars, nicolae_alphabet_shops,
          minmay_misc_feat_rows, minmay_item_behind_shaft, uniq_duvessa,
          uniq_blork_the_orc, uniq_grinder
D:7:      the_bakery, uniq_pikel
Temple:   minmay_temple_bridge_d

Skill      XL: |  1  2  3  4  5  6  7  8 |
---------------+-------------------------+-----
Maces & Flails | 3 4 5 6 |  6.9
Dodging        | 3 4 |  4.6
Fighting       | 3 4 |  4.2
Axes           | 1 3 |  3.3
Stealth        | 1 |  1.0

Action                   |  1- 3 |  4- 6 |  7- 9 || total
-------------------------+-------+-------+-------++-------
Melee: Mace              |   106 |   143 |    70 ||   319
       Battleaxe         |       |       |   113 ||   113
Invok: Berserk           |       |       |     2 ||     2
  Use: Scroll            |     8 |     6 |     5 ||    19
       Potion            |     2 |     4 |     2 ||     8
  Eat: Chunk             |    17 |     9 |    14 ||    40
       Meat ration       |       |     1 |     1 ||     2
       Bread ration      |       |       |     1 ||     1
Armor: Animal skin       |    60 |    73 |    93 ||   226
Dodge: Dodged            |    68 |    83 |    95 ||   246
Block: Other             |       |       |    14 ||    14
